 Dungeon Crawl Stone Soup version 0.30.1-3-gfc49f6343a (webtiles) character file.

Game seed: 5686449795875050957

119203 KyoPewz the Shatterer (level 16, -7/167 HPs)
             Began as an Ogre Gladiator on Aug 4, 2023.
             Was a High Priest of Nemelex Xobeh.
             Mangled by a shock serpent (10 damage)
             ... on level 2 of the Snake Pit on Aug 5, 2023.
             The game lasted 02:23:26 (25978 turns).

KyoPewz the Shatterer (Ogre Gladiator)             Turns: 25978, Time: 02:23:26

Health: -7/167     AC: 22    Str: 30    XL:     16   Next: 78%
Magic:  23/23      EV:  4    Int: 15    God:    Nemelex Xobeh [*****.]
Gold:   1318       SH:  0    Dex: 19    Spells: 15/15 levels left

rFire   + + +        L - +10 giant spiked club "Qarocic" {heavy, Fragile +Blink rPois Dex+6}
rCold   + + .        (shield currently unavailable)
rNeg    . . .        P - +2 gold dragon scales
rPois   +            F - +2 hat {Stlth+}
rElec   .            Y - +1 cloak of the Bulwark {Will+ Regen+ Int+3}
rCorr   .            (gloves unavailable)
SInv    .            (boots unavailable)
Will    +++..        R - amulet "Cepsopu" {rF+ rC+ Regen+ Int+3 Dex+3} Stlth
                     r - ring "Fyimych" {rF+ Will+ Str+2}
HPRegen 2.07/turn    f - +4 ring of slaying
MPRegen 0.18/turn

%: no passive effects
@: no status effects
A: large, unfitting armour, tough skin 1
a: Renounce Religion, Evoke Blink, Draw Escape, Draw Destruction, Draw
Summoning, Draw Stack, Triple Draw, Deal Four, Stack Five


You were on level 2 of the Snake Pit.
You worshipped Nemelex Xobeh.
Nemelex Xobeh was extremely pleased with you.
You visited 5 branches of the dungeon, and saw 24 of its levels.
You also visited: Bailey.

You collected 3211 gold pieces.
You spent 1893 gold pieces at shops.

Inventory:

Hand Weapons
 L - the +10 giant spiked club "Qarocic" (weapon) {heavy, Fragile +Blink rPois Dex+6}
   (You took it off an ogre on level 3 of the Dungeon)

   Dex:       It affects your dexterity (+6).
   rPois:     It protects you from poison.
   +Blink:    It lets you blink.
   Fragile:   It will be destroyed if unequipped.
Missiles
 e - 24 large rocks
 y - 19 boomerangs
 z - 31 javelins
 G - 4 throwing nets
 J - 34 poisoned darts
 Q - 5 boomerangs of dispersal
 U - 177 stones (quivered)
 W - 5 curare-tipped darts
 Z - 5 silver javelins
Armour
 F - a +2 hat of stealth (worn)
 P - +2 gold dragon scales (worn)
 Y - the +1 cloak of the Bulwark (worn) {Will+ Regen+ Int+3}
   (You bought it in a shop on level 9 of the Dungeon)

   Int:       It affects your intelligence (+3).
   Regen:     It increases your rate of health regeneration.
   Will:      It increases your willpower.
Jewellery
 f - a +4 ring of slaying (right hand)
 r - the ring "Fyimych" (left hand) {rF+ Will+ Str+2}
   (You bought it in a shop on level 2 of the Orcish Mines)

   [ring of protection from fire]

   Str:       It affects your strength (+2).
   rF:        It protects you from fire.
   Will:      It increases your willpower.
 I - a ring of protection from cold
 N - a ring of positive energy
 R - the amulet "Cepsopu" (around neck) {rF+ rC+ Regen+ Int+3 Dex+3}
   (You found it on level 12 of the Dungeon)

   [amulet of regeneration]

   Int:       It affects your intelligence (+3).
   Dex:       It affects your dexterity (+3).
   rF:        It protects you from fire.
   rC:        It protects you from cold.
   Regen:     It increases your rate of health regeneration.
 S - a ring of see invisible
Wands
 k - a wand of mindburst (16)
 p - a wand of polymorph (11)
 w - a wand of acid (37)
 C - a wand of charming (9)
 D - a wand of digging (24)
 O - a wand of iceblast (22)
Scrolls
 a - a scroll of vulnerability {unknown}
 g - a scroll of fear
 o - 2 scrolls of poison
 s - a scroll of silence
 t - 9 scrolls of teleportation
 v - 3 scrolls of summoning
 B - 4 scrolls of blinking
 E - a scroll of torment
 T - 2 scrolls of fog
 V - 4 scrolls of magic mapping
Potions
 c - 2 potions of mutation {unknown}
 d - 4 potions of might
 h - 3 potions of haste
 i - a potion of berserk rage {unknown}
 j - 6 potions of lignification
 l - a potion of heal wounds
 n - 3 potions of resistance
 q - 13 potions of curing
 u - 3 potions of ambrosia
 x - 3 potions of degeneration {unknown}
 H - 2 potions of invisibility {unknown}
 K - 3 potions of attraction {unknown}
 M - a potion of experience {unknown}
 X - 2 potions of flight
Miscellaneous
 m - a phial of floods
 A - a phantom mirror


   Skills:
 + Level 12.5 Fighting
 - Level 22.0 Maces & Flails
 + Level 8.5 Throwing
 + Level 5.5 Armour
 - Level 2.6 Dodging
 - Level 10.0 Invocations
 + Level 3.3 Evocations


You had 15 spell levels left.
You didn't know any spells.
Your spell library contained the following spells:

 Spells                   Type           Power      Damage    Failure   Level
 Necrotise                Necr           0%         1d4       100%        1
 Shock                    Conj/Air       0%         1d3       100%        1
 Slow                     Hex            0%         N/A       100%        1
 Ensorcelled Hibernation  Hex/Ice        0%         N/A       100%        2
 Passwall                 Tmut/Erth      0%         N/A       100%        2
 Poisonous Vapours        Pois/Air       0%         N/A       100%        2
 Confusing Touch          Hex            0%         N/A       100%        3
 Hailstorm                Conj/Ice       0%         3d3       100%        3
 Mephitic Cloud           Conj/Pois/Air  0%         N/A       100%        3
 Ozocubu's Armour         Ice            0%         N/A       100%        3
 Stone Arrow              Conj/Erth      0%         3d7       100%        3
 Swiftness                Air            0%         N/A       100%        3
 Tukima's Dance           Hex            0%         N/A       100%        3
 Vampiric Draining        Necr           0%         2d6       100%        3
 Airstrike                Air            0%         2d(0-16)  100%        4
 Animate Armour           Summ/Erth      0%         N/A       100%        4
 Ice Form                 Ice/Tmut       0%         N/A       100%        4
 Passage of Golubria      Tloc           0%         N/A       100%        4
 Agony                    Necr           0%         N/A       100%        5
 Freezing Cloud           Conj/Ice/Air   0%         6-21      100%        5
 Metabolic Englaciation   Hex/Ice        0%         N/A       100%        5
 Yara's Violent Unravell  Hex/Tmut       0%         3d3       100%        5
 Conjure Ball Lightning   Conj/Air       0%         3x3d6     100%        6
 Simulacrum               Ice/Necr       0%         N/A       100%        6
 Discord                  Hex            0%         N/A       100%        8
 Disjunction              Tloc           0%         N/A       100%        8
 Lehudib's Crystal Spear  Conj/Erth      0%         10d2      100%        8


Dungeon Overview and Level Annotations

Branches:
Dungeon (14/15)            Temple (1/1) D:4            Lair (5/5) D:8
 Shoals (0/4) Lair:2        Snake (2/4) Lair:3        Slime (0/5) Lair:5
    Orc (2/2) D:11            Elf (0/3) Orc:2        Vaults (0/5) D:13
 Bailey (visited)

Altars:
Ashenzari
Cheibriados
Dithmenos
Elyvilon
Fedhas
Gozag
Hepliaklqana
Kikubaaqudgha
Makhleb
Nemelex Xobeh
Okawaru
Qazlal
Ru
Sif Muna
Trog
Uskayaw
Vehumet
Wu Jian
Xom
Yredelemnul
Zin
The Shining One
Jiyva

Shops:
D:4 *   D:6 :   D:7 [   D:9 [   Orc:2 (*=*

Portals:
Pandemonium: Orc:2

Annotations:
D:14 Agnes
Snake:2 Vashnia


Innate Abilities, Weirdness & Mutations

You are too large for most types of armour.
You have tough skin. (AC +1)


Message History

Vashnia and a naga sharpshooter come into view.
Vashnia is wielding a +3 short sword of freezing and wearing a +1 barding of flying.
You feel sick.
Vashnia shouts!
The naga sharpshooter shouts!
A naga sharpshooter comes into view. It is wielding a +0 war axe.
Vashnia unwields a +3 short sword of freezing.
Vashnia wields a +0 arbalest.
Vashnia shoots a bolt.
The bolt hits you!
The naga sharpshooter unwields a +0 halberd.
The naga sharpshooter wields a +0 shortbow.
The naga sharpshooter shoots an arrow.
The arrow hits you but does no damage.
Things that are here:
a +0 arbalest; a +0 battleaxe You take 12 damage, and have 72/167 hp.
You feel sick.
The shock serpent shoots out a bolt of lightning at you!
The bolt of electricity hits you!!
* * * LOW HITPOINT WARNING * * *
You take 25 damage, and have 47/167 hp.
You feel better.
You regained 10 hp, and now have 57/167 hp.
The shock serpent shoots out a bolt of lightning at you!
The bolt of electricity hits you!
* * * LOW HITPOINT WARNING * * *
The bolt of electricity hits you!
* * * LOW HITPOINT WARNING * * *
You take 29 damage, and have 28/167 hp.
The shock serpent bites you.
* * * LOW HITPOINT WARNING * * *
The shock serpent shocks you!
* * * LOW HITPOINT WARNING * * *
You take 10 damage, and have 18/167 hp.
You bludgeon the shock serpent!!
The shock serpent is heavily wounded.
The shock serpent's electric aura discharges, shocking you!
* * * LOW HITPOINT WARNING * * *
The shock serpent bites you!
* * * LOW HITPOINT WARNING * * *
The shock serpent shocks you!
You die...
Your body glows with a rainbow of weird colours and disappears.

.. #.........## ..#
##..#.......> #.#
#..##.....### # #.#
#..##..#..# # #.## ##.#
##.####.##.###
...###..###..# #.##..##
#...#..##...####..#.†..
#..................#.
##.S@.##.........####
########)####..####..##
.......)..# #..# ##.#
##....)...# #..# #.#
#..........#...# #..
...............# ...
.#.............. ....
#.......)...N.
#....##..N..N.


You could see a shock serpent.

Vanquished Creatures
  Saint Roka (Orc:1)
  Jorgrun (Snake:2)
  Gastronok (D:10)
  A nagaraja (Snake:2)
  Aizul (Snake:2)
  Louise (Snake:2)
  An orc warlord (Orc:2)
  Nessos (Lair:4)
  Snorg (D:12)
  2 ettins (D:13)
  A fire dragon (D:13)
  Harold (D:9)
  A vault guard (D:13)
  4 anacondas
  5 centaur warriors
  5 hydras
  An alligator (D:13)
  3 demonspawn (Orc:2)
  2 boulder beetles
  7 two-headed ogres
  A satyr (D:13)
  A death yak (Lair:4)
  Urug (D:11)
  6 naga warriors (Snake:1)
  2 naga sharpshooters
  2 shock serpents
  Sonja (D:11)
  5 orc high priests (Orc:2)
  2 fire crabs (Lair:1)
  A sixfirhy (Orc:2)
  2 lindwurms
  2 naga ritualists
  Pikel (D:4)
  7 ugly things
  3 mana vipers
  A deep elf pyromancer (D:13)
  2 oklob plants (Lair:5)
  6 orc knights
  10 orc sorcerers (Orc:2)
  A salamander (Snake:1)
  6 cyclopes
  A manticore (D:11)
  19 elephants
  23 black mambas
  6 naga magi
  2 guardian serpents (Snake:1)
  Maurice (D:8)
  5 cane toads
  2 gargoyles
  9 komodo dragons
  2 rime drakes
  An unseen horror (D:12)
  2 trolls
  9 polar bears
  4 hornets
  5 blink frogs (Lair:3)
  8 dream sheep
  5 slime creatures
  A shadow (D:11)
  Sigmund (D:6)
  A ynoxinul (Orc:2)
  13 spriggans (Lair:5)
  40 yaks
  Eustachio (D:5)
  A vampire (D:13)
  3 wyverns
  3 wraiths
  6 basilisks
  9 steam dragons
  A redback (shapeshifter) (D:14)
  14 vampire mosquitoes
  Grum (D:11)
  A chaos spawn (Orc:2)
  15 nagas
  5 wargs
  An acid dragon (D:9)
  A hell hound (Lair:1)
  2 water moccasins
  Duvessa (D:5)
  48 orc warriors
  10 black bears
  2 ice beasts
  2 swamp drakes (Lair:5)
  A sky beast (D:8)
  16 ogres
  23 wolves
  23 centaurs
  4 boggarts (Lair:5)
  The ghost of Quickbrownfox the Conjurer, an amateur OpCj (D:3)
  3 lemures (D:4)
  6 kobold brigands
  11 bullfrogs
  A scorpion (D:5)
  Dowan (D:5)
  5 wights (D:8)
  11 killer bees
  An electric eel (Snake:1)
  15 howler monkeys
  Crazy Yiuf (D:5)
  12 hounds
  35 orc priests
  5 gnoll boudas
  3 iguanas
  Natasha (thrice) (D:2)
  2 sleepcaps
  33 orc wizards
  8 adders
  8 gnolls
  A shadow imp (D:5)
  2 white imps
  An ufetubus (D:5)
  2 worms
  A dart slug (D:2)
  100 orcs
  5 ball pythons
  6 bats
  13 endoplasms
  3 giant cockroaches
  12 goblins
  3 hobgoblins
  8 jackals
  28 kobolds
  4 quokkas
  4 frilled lizards
  3 rats
  A spectral goblin (D:1)
820 creatures vanquished.

Vanquished Creatures (collateral kills)
  2 vampire mosquitoes (D:14)
  An orc (Bailey)
3 creatures vanquished.

Vanquished Creatures (others)
  A centaur (Bailey)
  An orc wizard (D:4)
2 creatures vanquished.

Grand Total: 825 creatures vanquished

Notes
Turn   | Place    | Note
-------+----------+-------------------------------------------
     0 | D:1      | KyoPewz the Ogre Gladiator began the quest for the Orb.
     0 | D:1      | Reached XP level 1. HP: 22/22 MP: 1/1
   233 | D:1      | Reached skill level 3 in Maces & Flails
   251 | D:1      | Reached XP level 2. HP: 22/29 MP: 2/2
   544 | D:1      | Reached XP level 3. HP: 21/36 MP: 3/3
   762 | D:1      | Found a faded altar of an unknown god.
   955 | D:2      | Noticed Natasha
   976 | D:2      | HP: 1/34 [Natasha (4)]
   978 | D:2      | Killed Natasha
   979 | D:2      | Reached skill level 4 in Maces & Flails
  1145 | D:2      | Reached XP level 4. HP: 45/45 MP: 4/4
  1191 | D:2      | Noticed Natasha
  1197 | D:2      | Killed Natasha
  1548 | D:2      | Noticed Natasha
  1549 | D:2      | Killed Natasha
  1550 | D:2      | Reached XP level 5. HP: 55/55 MP: 5/5
  1858 | D:3      | Found a transporter.
  1860 | D:3      | Noticed Quickbrownfox's ghost (amateur OpCj)
  1861 | D:3      | Identified the +10 giant spiked club "Qarocic" {heavy,
                  | Fragile +Blink rPois Dex+6}
  1861 | D:3      | Noticed an ogre
  2251 | D:3      | Reached skill level 5 in Fighting
  2566 | D:3      | Reached XP level 6. HP: 66/66 MP: 6/6
  2708 | D:4      | Reached skill level 5 in Maces & Flails
  2714 | D:4      | Identified the +0 ring mail of Amorality {rPois rN+ Int+2
                  | SInv}
  2855 | D:4      | Noticed a black bear
  2925 | D:4      | Killed a black bear
  3083 | D:4      | Found Woxots's Lightly-Used Armoury.
  3442 | D:4      | Noticed Pikel
  3661 | D:4      | Found a staircase to the Ecumenical Temple.
  3678 | D:4      | Reached XP level 7. HP: 75/76 MP: 7/7
  3681 | D:4      | Killed Pikel
  3682 | D:4      | Reached skill level 7 in Maces & Flails
  3682 | D:4      | Reached XP level 8. HP: 84/87 MP: 8/8
  3924 | Temple   | Entered the Ecumenical Temple
  3993 | Temple   | Became a worshipper of Nemelex Xobeh the Trickster
  4193 | D:5      | Entered Level 5 of the Dungeon
  4198 | D:5      | Noticed Duvessa
  4211 | D:5      | Noticed Dowan
  4216 | D:5      | Killed Duvessa
  4222 | D:5      | Killed Dowan
  4257 | D:5      | Reached skill level 8 in Maces & Flails
  4552 | D:5      | Noticed Eustachio
  4592 | D:5      | Killed Eustachio
  4893 | D:5      | Reached skill level 9 in Maces & Flails
  5134 | D:5      | Found a runed translucent door.
  5134 | D:5      | Found the +6 shillelagh "Devastator" {shatter}
  5135 | D:5      | Noticed Crazy Yiuf
  5144 | D:5      | Killed Crazy Yiuf
  5300 | D:6      | Reached XP level 9. HP: 89/93 MP: 9/9
  5304 | D:6      | Reached * piety under Nemelex Xobeh
  5456 | D:6      | Found Lisy's Book Shop.
  5484 | D:6      | Reached skill level 10 in Maces & Flails
  5717 | D:6      | Received a gift from Nemelex Xobeh
  5726 | D:6      | Noticed Sigmund
  5731 | D:6      | Killed Sigmund
  6165 | D:7      | Reached skill level 11 in Maces & Flails
  6259 | D:7      | Reached ** piety under Nemelex Xobeh
  6266 | D:7      | Found a flagged portal.
  6317 | Bailey   | Entered a bailey
  6575 | Bailey   | Reached skill level 12 in Maces & Flails
  6575 | Bailey   | Reached XP level 10. HP: 94/102 MP: 10/10
  7925 | Bailey   | Reached skill level 13 in Maces & Flails
  8342 | D:7      | Identified the staff of earth "Uzeapi" {rPois rCorr Dex+2
                  | SInv}
  8716 | D:7      | Found Bumamenge's Antique Armour Shoppe.
  8939 | D:8      | Reached skill level 14 in Maces & Flails
  9059 | D:8      | Reached skill level 1 in Invocations
  9327 | D:8      | Received a gift from Nemelex Xobeh
  9345 | D:8      | Noticed Maurice
  9352 | D:8      | Killed Maurice
  9353 | D:8      | Reached XP level 11. HP: 105/109 MP: 12/12
  9542 | D:8      | Noticed a cyclops
  9550 | D:8      | Killed a cyclops
  9569 | D:8      | Reached *** piety under Nemelex Xobeh
  9811 | D:8      | Reached skill level 5 in Throwing
  9987 | D:8      | Reached skill level 5 in Invocations
  9988 | D:8      | Found a staircase to the Lair.
 10327 | D:8      | Noticed a two-headed ogre
 10330 | D:8      | Killed a two-headed ogre
 10799 | D:8      | Noticed a cyan ugly thing
 10806 | D:8      | Killed a cyan ugly thing
 11098 | D:9      | Found Tyibeih's Armour Emporium.
 11266 | D:9      | Noticed a two-headed ogre
 11273 | D:9      | Killed a two-headed ogre
 11406 | D:9      | Noticed a red ugly thing
 11406 | D:9      | Noticed a tengu warrior
 11408 | D:9      | Noticed a rakshasa
 11410 | D:9      | Noticed a centaur warrior
 11410 | D:9      | Noticed a cyclops
 11410 | D:9      | Noticed a centaur warrior
 11565 | D:9      | Noticed a fire crab
 11606 | D:9      | Noticed an entropy weaver
 11648 | D:9      | Bought the +1 cloak of the Bulwark {Will+ Regen+ Int+3} for
                  | 426 gold pieces
 11727 | D:9      | Noticed a two-headed ogre
 11746 | D:9      | Killed a two-headed ogre
 11747 | D:9      | Reached XP level 12. HP: 119/119 MP: 17/17
 11928 | D:9      | Noticed Harold
 11943 | D:9      | Killed Harold
 12014 | D:9      | Reached **** piety under Nemelex Xobeh
 12216 | D:10     | Entered Level 10 of the Dungeon
 12240 | D:10     | Found a radiant altar of Vehumet.
 12270 | D:10     | Noticed a two-headed ogre
 12281 | D:10     | Killed a two-headed ogre
 12497 | D:10     | Received a gift from Nemelex Xobeh
 12603 | D:10     | Noticed Gastronok
 12623 | D:10     | Killed Gastronok
 12624 | D:10     | Reached skill level 10 in Fighting
 12766 | D:10     | Received a gift from Nemelex Xobeh
 13316 | D:11     | Noticed Sonja
 13322 | D:11     | Killed Sonja
 13375 | D:11     | Received a gift from Nemelex Xobeh
 13404 | D:11     | Noticed a boulder beetle
 13417 | D:11     | Killed a boulder beetle
 13485 | D:11     | Reached skill level 10 in Invocations
 13509 | D:11     | Reached ***** piety under Nemelex Xobeh
 13597 | D:11     | Noticed Grum
 13606 | D:11     | Killed Grum
 13737 | D:11     | Found a staircase to the Orcish Mines.
 13858 | D:11     | Received a gift from Nemelex Xobeh
 13892 | D:11     | Noticed Urug
 13897 | D:11     | Killed Urug
 13898 | D:11     | Reached XP level 13. HP: 139/139 MP: 20/20
 14174 | Lair:1   | Entered Level 1 of the Lair of Beasts
 14232 | Lair:1   | Reached skill level 1 in Evocations
 14396 | Lair:1   | Received a gift from Nemelex Xobeh
 14413 | Lair:1   | Found a transporter.
 14792 | Lair:1   | Found a transporter.
 15199 | Lair:2   | Found a staircase to the Shoals.
 15285 | Lair:2   | Received a gift from Nemelex Xobeh
 15379 | Lair:2   | Found an opulent altar of Gozag.
 15445 | Lair:2   | Reached ****** piety under Nemelex Xobeh
 15576 | Lair:2   | Reached skill level 15 in Maces & Flails
 15907 | Lair:3   | Received a gift from Nemelex Xobeh
 16085 | Lair:3   | Found a staircase to the Snake Pit.
 16125 | Lair:3   | Received a gift from Nemelex Xobeh
 17033 | D:4      | Bought -2 gold dragon scales for 700 gold pieces
 17102 | D:3      | Found a transporter.
 17111 | D:3      | Killed Quickbrownfox's ghost
 17429 | Lair:4   | Received a gift from Nemelex Xobeh
 17495 | Lair:4   | Reached skill level 1 in Armour
 17586 | Lair:4   | Noticed Nessos
 17595 | Lair:4   | Killed Nessos
 17656 | Lair:4   | Reached skill level 16 in Maces & Flails
 17991 | Lair:4   | Reached XP level 14. HP: 134/149 MP: 21/21
 17991 | Lair:4   | Received a gift from Nemelex Xobeh
 18058 | Lair:4   | Found a shadowy altar of Dithmenos.
 18188 | Lair:4   | Received a gift from Nemelex Xobeh
 18459 | Lair:4   | Reached skill level 5 in Armour
 18462 | Lair:5   | Entered Level 5 of the Lair of Beasts
 18724 | Lair:5   | Reached skill level 17 in Maces & Flails
 19061 | Lair:5   | Received a gift from Nemelex Xobeh
 19097 | Lair:5   | Identified the +0 ring mail of Kek Hote {Harm Fly Regen+
                  | Str-5}
 19217 | Lair:5   | Identified the staff of air "Dueneo" {rElec rF- rC+ rN+
                  | Will+}
 19346 | Lair:5   | Found a viscous altar of Jiyva.
 19392 | Lair:5   | Received a gift from Nemelex Xobeh
 19434 | Lair:5   | Found a staircase to the Slime Pits.
 20088 | Lair:1   | Reached skill level 18 in Maces & Flails
 20593 | D:12     | Identified the amulet "Cepsopu" {rF+ rC+ Regen+ Int+3
                  | Dex+3}
 20649 | D:12     | Noticed Snorg
 20657 | D:12     | Killed Snorg
 20994 | D:12     | Received a gift from Nemelex Xobeh
 21262 | D:13     | Reached XP level 15. HP: 146/156 MP: 22/22
 21434 | D:13     | Received a gift from Nemelex Xobeh
 21653 | D:13     | Found a gate to the Vaults.
 21659 | D:13     | Reached skill level 19 in Maces & Flails
 22062 | D:14     | Noticed Agnes
 22321 | Orc:1    | Entered Level 1 of the Orcish Mines
 22649 | Orc:1    | Received a gift from Nemelex Xobeh
 22781 | Orc:2    | Entered Level 2 of the Orcish Mines
 22854 | Orc:2    | Noticed an orc warlord
 22879 | Orc:2    | Reached skill level 20 in Maces & Flails
 22882 | Orc:2    | Noticed Saint Roka
 22883 | Orc:2    | Killed an orc warlord
 23087 | Orc:1    | Killed Saint Roka
 23154 | Orc:2    | Found a staircase to the Elven Halls.
 23387 | Orc:2    | Received a gift from Nemelex Xobeh
 23788 | Orc:2    | Found Mom Vonn's General Store.
 23810 | Orc:2    | Found Cuiten's General Store.
 23894 | Orc:2    | Bought a scroll of teleportation for 48 gold pieces
 23894 | Orc:2    | Bought a potion of ambrosia for 128 gold pieces
 23894 | Orc:2    | Bought a potion of curing for 48 gold pieces
 24008 | Orc:2    | Reached XP level 16. HP: 124/164 MP: 23/23
 24040 | Orc:2    | Reached skill level 21 in Maces & Flails
 24105 | Orc:2    | Found Hihej's Jewellery Boutique.
 24105 | Orc:2    | Found Wijytt's Antique Weapon Shop.
 24109 | Orc:2    | Found a one-way gate leading to the halls of Pandemonium.
 24227 | Orc:2    | Bought the ring "Fyimych" {rF+ Will+ Str+2} for 543 gold
                  | pieces
 24494 | Lair:1   | Identified the -2 pair of boots of Yloehe {rElec Dex+4
                  | SInv}
 24596 | Snake:1  | Entered Level 1 of the Snake Pit
 24962 | Snake:1  | Reached skill level 22 in Maces & Flails
 25487 | Snake:2  | Noticed Jorgrun
 25504 | Snake:2  | Killed Jorgrun
 25544 | Snake:2  | Received a gift from Nemelex Xobeh
 25836 | Snake:2  | Noticed Aizul
 25844 | Snake:2  | Killed Aizul
 25938 | Snake:2  | Noticed Louise
 25949 | Snake:2  | Killed Louise
 25951 | Snake:2  | Noticed a nagaraja
 25956 | Snake:2  | Killed a nagaraja
 25973 | Snake:2  | Noticed Vashnia
 25978 | Snake:2  | HP: 3/167 [shock serpent (8)]
 25978 | Snake:2  | Mangled by a shock serpent

Illustrated notes

Levels and vault maps discovered:
D:1:      dpeg_arrival_shelter, layout_loops_ring,
          dreamdust_ecumenical_altar_drowned_temple, minmay_heptomino_w4
D:2:      layout_basic, uniq_natasha
D:3:      layout_loops_cross, gammafunk_ghost_smash
D:4:      layout_rooms, minmay_temple_entry_hall, minmay_misc_feat_ornament,
          minmay_shop_damaged, uniq_pikel
D:5:      minmay_skewed_foursquare, layout_basic, minmay_misc_feat_enclosed,
          hangedman_decor_opposing, uniq_crazy_yiuf_cottage, uniq_eustachio,
          uniq_duvessa
D:6:      layout_cave_pods, serial_shops, nicolae_shop_tiny_waterfront,
          uniq_sigmund
D:7:      layout_gridville, enter_bailey_3, serial_shops,
          nicolae_shop_tiny_glass
D:8:      lemuel_castle_with_subvaults [lemuel_castle_interior_original],
          layout_loops_ring, erik_lair_dragon, grunt_ministairs_11, uniq_maurice
D:9:      cheibrodos_steamvent, layout_loops_corners, serial_shops,
          nicolae_shop_window_shopping, minivault_12, uniq_harold
D:10:     layout_loops_cross, mainiacjoe_overflow_concentric_impassable,
          corexii_checkpoint_a, minivault_21, uniq_gastronok
D:11:     layout_irregular_city, orc_0_dummy, uniq_urug, uniq_grum, uniq_sonja
D:12:     layout_basic, uniq_snorg
D:13:     layout_roguey, erik_vaults_2
D:14:     layout_basic, minivault_19, serial_corexii_hall,
          corexii_hall_statues_l, corexii_hall_statues_x, uniq_agnes
Temple:   minmay_crystal_snake_temple
Lair:1:   gammafunk_cloud_chamber, layout_regular_city
Lair:2:   layout_regular_city, elwin_shoals_entry_rocks, basic_altar,
          chequers_serial_rivers_small_3
Lair:3:   beast_lair_carwin_large_3, layout_cellular_growth,
          guppyfry_snake_entry_garden, grunt_megastairs_2
Lair:4:   beast_lair_carwin_large_4, layout_regular_city, basic_altar,
          st_stairs_12, lemuel_fruit_tree, serial_bayou_shore_b,
          serial_bayou_shore_a, uniq_nessos
Lair:5:   minmay_lair_end_enchanted_forest, layout_layer_cave,
          minmay_slime_entry_oklob_enclosed, guppyfry_lair_drakes
Snake:1:  layout_rooms, serial_bayou_pond_b, hangedman_snake_corridor_split,
          grunt_megastairs_5
Snake:2:  layout_layer_cave, uniq_jorgrun, uniq_louise, uniq_aizul,
          uniq_vashnia, uniq_roxanne
Orc:1:    layout_caves, basic_altar, nicolae_orc_flooded_monolith
Orc:2:    pf_orc_diabolical, layout_caves, basic_altar, uniq_saint_roka

Skill      XL: |  1  2  3  4  5  6  7  8  9 10 11 12 13 14 15 16 |
---------------+-------------------------------------------------+-----
Maces & Flails | 3 4 5 7 9 12 14 16 18 20 22 | 22.0
Fighting       | 3 4 5 6 7 8 11 12 | 12.5
Invocations    | 2 7 10 | 10.0
Throwing       | 3 7 8 |  8.5
Evocations     | 2 3 |  3.3
Armour         | 4 5 |  5.5
Dodging        | |  2.6

Action                     |  1- 3 |  4- 6 |  7- 9 | 10-12 | 13-15 | 16-18 || total
---------------------------+-------+-------+-------+-------+-------+-------++-------
  Melee: Flail             |    92 |   162 |     5 |       |       |       ||   259
         Punch             |     3 |       |     1 |     6 |       |       ||    10
         Whip              |       |       |    93 |       |       |       ||    93
         Shillelagh        |       |       |    83 |   367 |    33 |       ||   483
         Giant spiked club |       |       |       |       |   763 |   177 ||   940
  Throw: Large rock        |     1 |     5 |     1 |    15 |    18 |    16 ||    56
         Stone             |       |       |    19 |    24 |     4 |    25 ||    72
         Boomerang         |       |       |       |     6 |       |       ||     6
         Dart              |       |       |       |    15 |       |       ||    15
         Javelin           |       |       |       |     2 |       |       ||     2
         Throwing net      |       |       |       |       |     1 |       ||     1
 Invoke: Draw Stack        |       |       |       |       |     2 |       ||     2
         Stack Five        |       |       |       |       |     1 |       ||     1
         Draw Destruction  |       |       |       |       |    29 |     7 ||    36
         Draw Escape       |       |       |       |       |     3 |       ||     3
         Triple Draw       |       |       |       |       |     1 |       ||     1
         Deal Four         |       |       |       |       |     2 |       ||     2
         Draw Summoning    |       |       |       |       |     1 |       ||     1
  Evoke: Wand              |       |     2 |       |     1 |     1 |       ||     4
    Use: Scroll            |       |     2 |     5 |    11 |    20 |       ||    38
         Potion            |       |       |     1 |       |     2 |     1 ||     4
   Stab: Sleeping          |       |       |       |     1 |     4 |       ||     5
         Distracted        |       |       |       |     1 |       |       ||     1
         Confused          |       |       |       |       |     1 |       ||     1
 Armour: Robe              |    20 |    35 |    30 |       |       |       ||    85
         Steam dragon scal |       |       |    17 |    88 |    49 |       ||   154
         Gold dragon scale |       |       |       |       |   672 |    99 ||   771
  Dodge: Dodged            |    48 |   107 |    93 |   189 |   185 |    22 ||   644
  Block: Other             |       |       |       |       |    40 |       ||    40
